PCL
SANTA MONICA BRUINS @ SPOKANE TRAPPERS
05/17/2024
 
TOP OF THE 1ST
Santa Monica Bruins batting - Pitching for Spokane Trappers : LHP Alberto Cabrera
Pitching: LHP Alberto Cabrera
Batting: RHB Alonso Sánchez 0-0: Swinging Strike
0-1: Ball
1-1: Swinging Strike
1-2: Ground out 5-3 (Groundball, 5S)
Batting: LHB Ken Poche 0-0: Ball
1-0: Ball
2-0: Ball
3-0: Called Strike
3-1: Foul Ball, location: 2F
3-2: Fly out, F8 (Line Drive, 8RS)
Batting: RHB Mark Hosley 0-0: Called Strike
0-1: Ball
1-1: Ball
2-1: Ball
3-1: Foul Ball, location: 2F
3-2: Foul Ball, location: 2F
3-2: Base on Balls
Batting: LHB Germán Charfauros 0-0: Called Strike
0-1: Ball
1-1: Foul Ball, location: 2F
1-2: Strikes out looking
Top of the 1st over - 0 run(s), 0 hit(s), 0 error(s), 1 left on base; Santa Monica 0 - Spokane 0
BOTTOM OF THE 1ST
Spokane Trappers batting - Pitching for Santa Monica Bruins : RHP Mario Chávez
Pitching: RHP Mario Chávez
Batting: LHB Henry Leroux 0-0: Ball
1-0: Ground out 6-3 (Groundball, 6M)
Batting: RHB John Craig 0-0: Called Strike
0-1: Fly out, F8 (Flyball, 8RD)
Batting: LHB Colin Ives 0-0: Ball
1-0: Ball
2-0: Swinging Strike
2-1: Swinging Strike
2-2: Strikes out looking
Bottom of the 1st over - 0 run(s), 0 hit(s), 0 error(s), 0 left on base; Santa Monica 0 - Spokane 0
TOP OF THE 2ND
Santa Monica Bruins batting - Pitching for Spokane Trappers : LHP Alberto Cabrera
Batting: LHB Bob Cunningham 0-0: Ball
1-0: Called Strike
1-1: Swinging Strike
1-2: Ball
2-2: Foul Ball, location: 2F
2-2: Ground out 4-3 (Groundball, 4)
Batting: RHB Iván De Jesús 0-0: Called Strike
0-1: Ball
1-1: Ball
2-1: Swinging Strike
2-2: Foul Ball, location: 2F
2-2: Foul Ball, location: 2F
2-2: Foul Ball, location: 2F
2-2: Ball
3-2: Ground out 5-3 (Groundball, 56)
Batting: RHB Grant Jenkins 0-0: Ball
1-0: Foul Ball, location: 2F
1-1: Ball
2-1: Called Strike
2-2: Ball
3-2: Foul Ball, location: 2F
3-2: Ground out 6-3 (Groundball, 6M)
Top of the 2nd over - 0 run(s), 0 hit(s), 0 error(s), 0 left on base; Santa Monica 0 - Spokane 0
BOTTOM OF THE 2ND
Spokane Trappers batting - Pitching for Santa Monica Bruins : RHP Mario Chávez
Batting: SHB Esteban Silva 0-0: Ball
1-0: DOUBLE (Line Drive, 9D)
Batting: LHB José Feliciano 0-0: Ball
1-0: Ball
2-0: Called Strike
2-1: Foul Ball, location: 2F
2-2: Foul Ball, location: 2F
2-2: Ball
3-2: Base on Balls
Batting: RHB Ramiro Ross 0-0: Ball
1-0: Fly out, F5 (Line Drive, 56)
Batting: LHB Pete Carter 0-0: Ball
1-0: Ball
2-0: Ball
3-0: Called Strike
3-1: Fly out, F8 (Flyball, 8RXD)
Runner from 2nd tags up, SAFE at 3rd, no throw
Batting: RHB Carmelo Hernández 0-0: Ball
1-0: Ball
2-0: Foul Ball, location: 2F
2-1: Called Strike
2-2: Ball
3-2: Foul Ball, location: 2F
3-2: Foul Ball, location: 2F
3-2: Foul Ball, location: 2F
3-2: Fly out, F8 (Line Drive, 8RD)
Bottom of the 2nd over - 0 run(s), 1 hit(s), 0 error(s), 2 left on base; Santa Monica 0 - Spokane 0
TOP OF THE 3RD
Santa Monica Bruins batting - Pitching for Spokane Trappers : LHP Alberto Cabrera
Batting: RHB Juan Acuńa 0-0: Called Strike
0-1: Called Strike
0-2: Ball
1-2: Ground out 2-3 (Groundball, 23)
Batting: RHB Armando Méndez 0-0: Ball
1-0: Ground out 5-3 (Groundball, 5S)
Batting: RHB Alonso Sánchez 0-0: Ball
1-0: Ball
2-0: Ball
3-0: Called Strike
3-1: Fly out, F4 (Popup, 4)
Top of the 3rd over - 0 run(s), 0 hit(s), 0 error(s), 0 left on base; Santa Monica 0 - Spokane 0
BOTTOM OF THE 3RD
Spokane Trappers batting - Pitching for Santa Monica Bruins : RHP Mario Chávez
Batting: RHB Todd Rockburn 0-0: Ball
1-0: DOUBLE (Line Drive, 7LS)
Batting: LHB Henry Leroux 0-0: Ball
1-0: Ground out 6-3 (Groundball, 6M)
Todd Rockburn to third
Batting: RHB John Craig 0-0: Ball
1-0: Foul Ball, location: 2F
1-1: Called Strike
1-2: Ball
2-2: Ball
3-2: Fly out, F6 (Line Drive, 6)
Batting: LHB Colin Ives 0-0: Called Strike
0-1: Ball
1-1: Ground out 4-3 (Groundball, 13)
Bottom of the 3rd over - 0 run(s), 1 hit(s), 0 error(s), 1 left on base; Santa Monica 0 - Spokane 0
TOP OF THE 4TH
Santa Monica Bruins batting - Pitching for Spokane Trappers : LHP Alberto Cabrera
Batting: LHB Ken Poche 0-0: Ball
1-0: Ground out 6-3 (Groundball, 6)
Batting: RHB Mark Hosley 0-0: Called Strike
0-1: Ball
1-1: Ball
2-1: Foul Ball, location: 2F
2-2: Ball
3-2: Foul Ball, location: 2F
3-2: SINGLE (Flyball, 8RS)
Batting: LHB Germán Charfauros 0-0: Called Strike
0-1: Ball
1-1: Swinging Strike
1-2: Foul Ball, location: 2F
1-2: Strikes out swinging
Batting: LHB Bob Cunningham 0-0: Called Strike
0-1: Ground out 6-3 (Groundball, 6)
Top of the 4th over - 0 run(s), 1 hit(s), 0 error(s), 1 left on base; Santa Monica 0 - Spokane 0
BOTTOM OF THE 4TH
Spokane Trappers batting - Pitching for Santa Monica Bruins : RHP Mario Chávez
Batting: SHB Esteban Silva 0-0: SOLO HOME RUN (Flyball, 89XD), Distance : 398 ft
Batting: LHB José Feliciano 0-0: Called Strike
0-1: Foul Ball, location: 2F
0-2: Fly out, F6 (Line Drive, 6)
Batting: RHB Ramiro Ross 0-0: Ball
1-0: Foul Ball, location: 2F
1-1: Called Strike
1-2: Fly out, F2 (Popup, 2LF)
Batting: LHB Pete Carter 0-0: Called Strike
0-1: Ball
1-1: Ball
2-1: Swinging Strike
2-2: Ball
3-2: Foul Ball, location: 2F
3-2: Foul Ball, location: 2F
3-2: Strikes out swinging
Bottom of the 4th over - 1 run(s), 1 hit(s), 0 error(s), 0 left on base; Santa Monica 0 - Spokane 1
TOP OF THE 5TH
Santa Monica Bruins batting - Pitching for Spokane Trappers : LHP Alberto Cabrera
Batting: RHB Iván De Jesús 0-0: Ball
1-0: Foul Ball, location: 2F
1-1: Ball
2-1: Foul Ball, location: 2F
2-2: Foul Ball, location: 2F
2-2: Ground out 1-3 (Groundball, 15)
Batting: RHB Grant Jenkins 0-0: Ball
1-0: Ground out 1-3 (Groundball, 15S)
Batting: RHB Juan Acuńa 0-0: Called Strike
0-1: Swinging Strike
0-2: Ball
1-2: Strikes out looking
Top of the 5th over - 0 run(s), 0 hit(s), 0 error(s), 0 left on base; Santa Monica 0 - Spokane 1
BOTTOM OF THE 5TH
Spokane Trappers batting - Pitching for Santa Monica Bruins : RHP Mario Chávez
Batting: RHB Carmelo Hernández 0-0: Ball
1-0: Called Strike
1-1: Called Strike
1-2: Strikes out looking
Batting: RHB Todd Rockburn 0-0: Fly out, F7 (Line Drive, 7S)
Batting: LHB Henry Leroux 0-0: Ball
1-0: SINGLE (Groundball, 4MD)
Batting: RHB John Craig 0-0: Ball
1-0: Called Strike
1-1: Ground out 4-3 (Groundball, 4)
Bottom of the 5th over - 0 run(s), 1 hit(s), 0 error(s), 1 left on base; Santa Monica 0 - Spokane 1
TOP OF THE 6TH
Santa Monica Bruins batting - Pitching for Spokane Trappers : LHP Alberto Cabrera
Batting: RHB Armando Méndez 0-0: Called Strike
0-1: Ball
1-1: Ball
2-1: Ground out 5-3 (Groundball, 5L)
Batting: RHB Alonso Sánchez 0-0: Ball
1-0: Ball
2-0: Ball
3-0: Called Strike
3-1: Ground out 5-3 (Groundball, 5)
Batting: LHB Ken Poche 0-0: Ball
1-0: Ball
2-0: Ball
3-0: Base on Balls
Pitching: RHP Dustin Newman
Batting: RHB Mark Hosley 0-0: Ball
1-0: Called Strike
1-1: Called Strike
1-2: Foul Ball, location: 2F
1-2: Foul Ball, location: 2F
1-2: Strikes out looking
Top of the 6th over - 0 run(s), 0 hit(s), 0 error(s), 1 left on base; Santa Monica 0 - Spokane 1
BOTTOM OF THE 6TH
Spokane Trappers batting - Pitching for Santa Monica Bruins : RHP Mario Chávez
Batting: LHB Colin Ives 0-0: Ball
1-0: Foul Ball, location: 2F
1-1: Foul Ball, location: 2F
1-2: Foul Ball, location: 2F
1-2: Ball
2-2: Foul Ball, location: 2F
2-2: Hit by Pitch
Batting: SHB Esteban Silva 0-0: Fly out, F7 (Flyball, 7D)
Batting: LHB José Feliciano 0-0: Swinging Strike
0-1: Reached on error, E6 (Groundball, 6)
Colin Ives to second
Batting: RHB Ramiro Ross 0-0: Swinging Strike
0-1: Ball
1-1: Fly out, F5 (Line Drive, 5S)
Batting: LHB Pete Carter 0-0: Called Strike
0-1: Ball
1-1: Ground out 5-3 (Groundball, 56S)
Bottom of the 6th over - 0 run(s), 0 hit(s), 1 error(s), 2 left on base; Santa Monica 0 - Spokane 1
TOP OF THE 7TH
Santa Monica Bruins batting - Pitching for Spokane Trappers : RHP Dustin Newman
Batting: LHB Germán Charfauros 0-0: Swinging Strike
0-1: Foul Ball, location: 2F
0-2: Ball
1-2: Strikes out swinging
Batting: LHB Bob Cunningham 0-0: Fly out, F8 (Flyball, 8LS)
Batting: RHB Iván De Jesús 0-0: Ball
1-0: Swinging Strike
1-1: Reached on error, E5 (Groundball, 5S)
Batting: RHB Grant Jenkins 0-0: Ball
Iván De Jesús steals 2nd base
1-0: Called Strike
1-1: Ball
2-1: Called Strike
2-2: Foul Ball, location: 2F
2-2: Ball
3-2: Ground out 5-3 (Groundball, 5L)
Top of the 7th over - 0 run(s), 0 hit(s), 1 error(s), 1 left on base; Santa Monica 0 - Spokane 1
BOTTOM OF THE 7TH
Spokane Trappers batting - Pitching for Santa Monica Bruins : RHP Mario Chávez
Batting: RHB Carmelo Hernández 0-0: Ball
1-0: Called Strike
1-1: Called Strike
1-2: Strikes out looking
Batting: RHB Todd Rockburn 0-0: Called Strike
0-1: Foul Ball, location: 2F
0-2: Ball
1-2: Foul Ball, location: 2F
1-2: Ball
2-2: Strikes out swinging
Batting: LHB Henry Leroux 0-0: Called Strike
0-1: Called Strike
0-2: DOUBLE (Line Drive, 78M)
Pitching: RHP Estefan Jiménez
Pinch Hitting: RHB Ernesto Acosta 0-0: Ball
1-0: Ball
2-0: Called Strike
2-1: Swinging Strike
2-2: Foul Ball, location: 2F
2-2: Ball
3-2: Foul Ball, location: 2F
3-2: Base on Balls
Batting: LHB Colin Ives 0-0: Swinging Strike
0-1: Ball
1-1: Ball
2-1: 3-RUN HOME RUN (Flyball, 9LD), Distance : 369 ft
Batting: SHB Esteban Silva 0-0: Swinging Strike
0-1: DOUBLE (Flyball, 78D)
Batting: LHB José Feliciano 0-0: Ground out 5-3 (Groundball, 5S)
Bottom of the 7th over - 3 run(s), 3 hit(s), 0 error(s), 1 left on base; Santa Monica 0 - Spokane 4
TOP OF THE 8TH
Santa Monica Bruins batting - Pitching for Spokane Trappers : RHP Dustin Newman
Now at 2B: Jaime Padilla
Batting: RHB Juan Acuńa 0-0: Ball
1-0: Called Strike
1-1: Swinging Strike
1-2: Foul Ball, location: 2F
1-2: Strikes out looking
Batting: RHB Armando Méndez 0-0: Called Strike
0-1: Ball
1-1: Ground out 6-3 (Groundball, 6)
Batting: RHB Alonso Sánchez 0-0: Called Strike
0-1: Foul Ball, location: 2F
0-2: Ball
1-2: Foul Ball, location: 2F
1-2: Ball
2-2: Foul Ball, location: 2F
2-2: Foul Ball, location: 2F
2-2: Ball
3-2: Base on Balls
Batting: LHB Ken Poche 0-0: Called Strike
0-1: Called Strike
0-2: Foul Ball, location: 2F
0-2: Foul Ball, location: 2F
0-2: Ball
1-2: Strikes out swinging
Top of the 8th over - 0 run(s), 0 hit(s), 0 error(s), 1 left on base; Santa Monica 0 - Spokane 4
BOTTOM OF THE 8TH
Spokane Trappers batting - Pitching for Santa Monica Bruins : RHP Estefan Jiménez
Batting: RHB Ramiro Ross 0-0: Called Strike
0-1: Foul Ball, location: 2F
0-2: Foul Ball, location: 2F
0-2: Ball
1-2: Foul Ball, location: 2F
1-2: Ball
2-2: Foul Ball, location: 2F
2-2: Ball
3-2: Foul Ball, location: 2F
3-2: Base on Balls
Batting: LHB Pete Carter 0-0: Sac Bunt - play at first, batter OUT! 1-4
Ramiro Ross to second
Batting: RHB Carmelo Hernández 0-0: Intentional Walk
Batting: RHB Todd Rockburn 0-0: Called Strike
0-1: Called Strike
0-2: Foul Ball, location: 2F
0-2: Ball
1-2: Ball
2-2: Foul Ball, location: 2F
2-2: Ball
3-2: Grounds into double play, U3-6 (Groundball, 3L)
Bottom of the 8th over - 0 run(s), 0 hit(s), 0 error(s), 1 left on base; Santa Monica 0 - Spokane 4
TOP OF THE 9TH
Santa Monica Bruins batting - Pitching for Spokane Trappers : RHP Dustin Newman
Batting: RHB Mark Hosley 0-0: Called Strike
0-1: Ball
1-1: Ball
2-1: Ball
3-1: Fly out, F2 (Popup, 2LF)
Batting: LHB Germán Charfauros 0-0: Called Strike
0-1: Ground out U3 (Groundball, 3)
Pitching: RHP Ching-wei Zi
Batting: LHB Bob Cunningham 0-0: Called Strike
0-1: Foul Ball, location: 2F
0-2: Ball
1-2: Ball
2-2: Foul Ball, location: 2F
2-2: Ball
3-2: Fly out, F8 (Line Drive, 8LM)
Top of the 9th over - 0 run(s), 0 hit(s), 0 error(s), 0 left on base; Santa Monica 0 - Spokane 4
This league is powered by Out of the Park Baseball, the baseball management simulation game for PC, Mac and Linux
Saturday, April 9th, 2016 - OOTP Baseball 16.8 Build 38